 Dungeon Crawl Stone Soup version 0.15.0-23-gc2b521c (console) character file.

1904 gw the Cudgeler (level 8, 56/73 HPs)
             Began as a Deep Dwarf Gladiator on Sept 8, 2014.
             Was a Believer of Makhleb.
             Starved to death
             ... on Level 7 of the Dungeon.
             The game lasted 00:04:52 (5774 turns).

gw the Cudgeler (Deep Dwarf Gladiator)              Turns: 5774, Time: 00:04:52

HP  56/73        AC 18     Str 19      XL: 8   Next: 94%
MP  15/15        EV  5     Int  9      God: Makhleb [**....]
Gold 0           SH  0     Dex 15      Spells:  0 memorised,  7 levels left

rFire  . . .     SeeInvis +     a - +0 flail
rCold  + . .     Clarity  .     x - +0 plate armour
rNeg   . . .     rCorr    .     (no shield)
rPois  .         rRot     .     c - +2 helmet
rElec  .         Spirit   .     p - +0 cloak
SustAb .         Warding  .     (no gloves)
rMut   .         Stasis   .     (no boots)
Gourm  .                        (no amulet)
MR     +....                    w - ring of protection from cold
                                r - ring of see invisible

@: starving, non-regenerating, drained, somewhat resistant to hostile
enchantments, extremely unstealthy
A: damage resistance, recharge devices, yellow scales 1, sense surroundings 1,
slow healing 3
a: Device Recharging, Minor Destruction, Renounce Religion


You were on level 7 of the Dungeon.
You worshipped Makhleb.
Makhleb was pleased with you.
You were starving.

You visited 2 branches of the dungeon, and saw 8 of its levels.

Inventory:

Hand weapons
 a - a +0 flail (weapon)
 g - a +0 hand crossbow
Missiles
 d - 3 throwing nets
 j - 57 bolts
 s - 14 silver bolts
Armour
 c - a +2 helmet (worn)
 p - a +0 cloak (worn)
 x - a +0 plate armour (worn)
Magical devices
 b - a wand of lightning (2)
 e - a wand of heal wounds (3)
 l - a wand of polymorph (4) {unknown}
Comestibles
 f - 5 bread rations
 i - 2 slices of pizza
 k - 5 meat rations
 n - a royal jelly
 u - 6 fruits
Scrolls
 h - 4 scrolls of identify
 m - a scroll of magic mapping
 q - a scroll of remove curse
Jewellery
 r - a ring of see invisible (left hand)
 w - a ring of protection from cold (right hand)
Potions
 t - a potion of haste
 v - 2 potions of curing


   Skills:
 + Level 4.8(4.7) Fighting
 * Level 7.5(7.4) Maces & Flails
 + Level 4.5(4.3) Crossbows
 - Level 1.7(1.6) Throwing
 + Level 5.3(5.2) Armour
 - Level 3.2(3.1) Dodging
 + Level 5.0(4.9) Invocations


You had 7 spell levels left.
You didn't know any spells.

Dungeon Overview and Level Annotations

Branches:
Dungeon (7/15)             Temple (1/1) D:4

Altars:
Ashenzari
Cheibriados
Dithmenos
Elyvilon
Fedhas
Kikubaaqudgha
Makhleb
Nemelex Xobeh
Okawaru
Qazlal
Sif Muna
Trog
Vehumet
Xom
Yredelemnul
Zin
The Shining One


Innate Abilities, Weirdness & Mutations

You are resistant to damage.
You can recharge devices by infusing magical energy.
You passively map a small area around you.
You do not heal naturally.
You are partially covered in yellow scales (AC +2).


Message History

ATTACK MOVE TO (0,-1)
You hit the wight but do no damage.
The wight is almost destroyed.
The wight hits you with a runed flail.
ATTACK MOVE TO (0,-1)
You barely miss the wight.
The wight is almost destroyed.
The wight barely misses you.
ATTACK MOVE TO (0,-1)
You barely miss the wight.
The wight is almost destroyed.
The wight hits you with a runed flail.
ATTACK MOVE TO (0,-1)
You hit the wight.
You destroy the wight!
Makhleb accepts your kill.
ATTACK MOVE TO (0,-1)
You hit the wight but do no damage. The wight hits you but does no damage.
You have starved to death.
You die...

.####...###..........#*#
##..# *.#.....<.## *
#..# ##.....## #..# ,
##...## #..###.# +##
#.z....# * ##z##### *
#z# * #g# ,, , #.# * ,
#.# * #.#,* * * #.., , ,
### *


You could see 3 wights.

Table legend:
 A = Turns spent in this place as a percentage of turns spent in the entire game.
 B = Non-inter-level travel turns spent in this place as a percentage of non-inter-level travel turns spent in the entire game.
 C = Inter-level travel turns spent in this place as a percentage of turns spent in this place.
 D = Turns resting spent in this place as a percentage of non-inter-level travel turns spent in this place.
 E = Turns spent auto-exploring this place as a percentage of non-inter-level travel turns spent in this place.
 F = Non-inter-level travel turns spent in this place divided by the number of levels of this place that you've seen.
                   A       B       C       D       E      F
               +-------+-------+-------+-------+-------+----------------------
         Total | 100.0 | 100.0 |   0.5 |   0.1 |  20.1 | 270.2
       Dungeon |  98.8 |  98.8 |   0.4 |   0.1 |  20.1 | 305.3
        Temple |   1.2 |   1.2 |   3.8 |   0.0 |  20.0 |  25.0
               +-------+-------+-------+-------+-------+----------------------

Table legend:
 A = Kills in this place as a percentage of kills in entire the game.
 B = Kills by you in this place as a percentage of kills by you in the entire game.
 C = Kills by friends in this place as a percentage of kills by friends in the entire game.
 D = Other kills in this place as a percentage of other kills in the entire game.
 E = Experience gained in this place as a percentage of experience gained in the entire game.
 F = Experience gained in this place divided by the number of levels of this place that you have seen.
                   A       B       C       D       E      F
               +-------+-------+-------+-------+-------+----------------------
         Total | 100.0 | 100.0 |  -nan |  -nan | 100.0 | 340.1
       Dungeon | 100.0 | 100.0 |  -nan |  -nan | 100.0 | 388.7
               +-------+-------+-------+-------+-------+----------------------

Vanquished Creatures
  Grinder (D:5)
  A hungry ghost (D:7)
  Edmund (D:6)
  An orc warrior (D:6)
  2 sky beasts (D:6)
  A black bear (D:6)
  2 centaurs (D:5)
  A wight (D:7)
  A giant frog zombie (D:5)
  2 goliath beetles (D:6)
  2 hounds
  2 jellies
  5 orc wizards (D:6)
  Crazy Yiuf (D:5)
  2 orc priests (D:6)
  2 iguanas (D:5)
  Natasha (thrice) (D:3)
  3 worker ants
  Ijyb (D:3)
  Jessica (D:3)
  2 ogre skeletons
  6 adders
  2 giant mites
  A shadow imp (D:6)
  A worm (D:4)
  4 giant geckos
  An ooze (D:4)
  10 orcs
  3 giant cockroaches
  13 goblins
  13 hobgoblins
  10 jackals
  9 kobolds
  2 ball pythons
  14 bats
  4 giant newts
  A hobgoblin zombie (D:5)
  A kobold skeleton (D:6)
  A kobold zombie (D:5)
  2 quokkas
  10 rats
  A rat skeleton (D:5)
  A rat zombie (D:6)
147 creatures vanquished.

Notes
Turn   | Place    | Note
--------------------------------------------------------------
     0 | D:1      | gw, the Deep Dwarf Gladiator, began the quest for the Orb.
     0 | D:1      | Reached XP level 1. HP: 19/19 MP: 1/1
   163 | D:1      | Reached XP level 2. HP: 26/26 MP: 2/2
   869 | D:2      | Reached XP level 3. HP: 15/33 MP: 3/3
   956 | D:2      | Reached skill level 1 in Armour
  1133 | D:2      | Reached skill level 4 in Maces & Flails
  1293 | D:2      | Reached XP level 4. HP: 33/40 MP: 4/4
  2098 | D:3      | Noticed Jessica
  2111 | D:3      | Killed Jessica
  2136 | D:3      | Noticed Natasha
  2145 | D:3      | Killed Natasha
  2149 | D:3      | Reached XP level 5. HP: 32/48 MP: 5/5
  2163 | D:3      | Reached skill level 1 in Crossbows
  2178 | D:3      | Noticed Natasha
  2180 | D:3      | Killed Natasha
  2208 | D:3      | Noticed Ijyb
  2224 | D:3      | Killed Ijyb
  2464 | D:3      | Noticed Natasha
  2476 | D:3      | Killed Natasha
  2539 | D:3      | Gained mutation: You are partially covered in yellow scales (AC +2). [potion of beneficial mutation]
  2809 | D:4      | Found a staircase to the Ecumenical Temple.
  2816 | Temple   | Entered the Ecumenical Temple
  2856 | Temple   | Became a worshipper of Makhleb the Destroyer
  3257 | D:5      | Entered Level 5 of the Dungeon
  3306 | D:5      | Noticed a centaur
  3444 | D:5      | Reached skill level 1 in Invocations
  3445 | D:5      | Noticed a centaur
  3458 | D:5      | Reached skill level 5 in Maces & Flails
  3458 | D:5      | Reached XP level 6. HP: 46/56 MP: 6/6
  3460 | D:5      | Found a burning altar of Makhleb.
  3464 | D:5      | Noticed Grinder
  3464 | D:5      | Paralysed by Grinder for 7 turns
  3478 | D:5      | Killed Grinder
  3504 | D:5      | Killed a centaur
  3504 | D:5      | Reached XP level 7. HP: 25/63 MP: 7/9
  3563 | D:5      | Acquired Makhleb's first power
  3605 | D:5      | Killed a centaur
  3778 | D:5      | Reached skill level 6 in Maces & Flails
  4112 | D:5      | Noticed Crazy Yiuf
  4121 | D:5      | Killed Crazy Yiuf
  4262 | D:6      | Noticed Edmund
  4275 | D:6      | Killed Edmund
  4275 | D:6      | Reached XP level 8. HP: 56/72 MP: 13/13
  4381 | D:6      | Acquired Makhleb's second power
  4690 | D:6      | Reached skill level 7 in Maces & Flails
  4987 | D:6      | Reached skill level 5 in Armour
  5756 | D:7      | Reached skill level 5 in Invocations
  5774 | D:7      | Starved to death

Action                   |  1- 3 |  4- 6 |  7- 9 || total
-------------------------+-------+-------+-------++-------
Melee: Flail             |   123 |   139 |   291 ||   553
 Fire: Hand crossbow     |       |    42 |    83 ||   125
Invok: Minor Destruction |       |       |     1 ||     1
Evoke: Wand              |     1 |       |     2 ||     3
  Use: Scroll            |     2 |    10 |     3 ||    15
       Potion            |     2 |     9 |     4 ||    15
  Eat: Chunk             |     2 |     3 |     6 ||    11
       Bread ration      |       |     1 |       ||     1

Vault maps used:
D:1:      kilobyte_arrival_exit_the_forest, lemuel_flame_loot_1
D:2:      first_bread, minmay_door_square, wad_floor_pattern_1
D:3:      kennysheep_jessica_study, uniq_natasha, uniq_iyjb
D:4:      minmay_temple_entry_butterflies, corner_web_ring,
          kennysheep_generic_room_11
D:5:      grunt_ministairs_8, lemuel_tele_altar, uniq_grinder,
          uniq_crazy_yiuf_cottage
D:6:      uniq_edmund
Temple:   kilobyte_greek_temple_18
